 Dungeon Crawl Stone Soup version 0.31-a0-963-ga325b2283a (webtiles) character file.

Game seed: 3208182760796679436

24574 Farnirdx the Blocker (level 12, 0/112 HPs)
             Began as a Minotaur Fighter on Oct 25, 2023.
             Was the Champion of Okawaru.
             Slain by a 14-headed hydra (8 damage)
             ... on level 13 of the Dungeon.
             The game lasted 00:28:48 (11306 turns).

Farnirdx the Blocker (Minotaur Fighter)            Turns: 11306, Time: 00:28:48

Health: 0/112      AC: 24    Str: 28    XL:     12   Next: 81%
Magic:  11/11      EV: 15    Int:  5    God:    Okawaru [******]
Gold:   1433       SH:  7    Dex: 17    Spells: 11/11 levels left

rFire   . . .        B - +3 war axe (heavy)
rCold   . . .        c - +0 buckler
rNeg    . . .        D - +3 chain mail {rPois}
rPois   +            y - +0 hat
rElec   .            d - +0 cloak of Sitohaypso {Str+3}
rCorr   .            (no gloves)
SInv    .            x - +2 pair of boots
Will    .....        (no amulet) Stlth
                     g - +4 ring of protection
HPRegen 0.38/turn    f - +6 ring of dexterity
MPRegen 0.12/turn

%: no passive effects
@: no status effects
A: horns 2, retaliatory headbutt
a: Renounce Religion, Heroism, Finesse, Duel


You were on level 13 of the Dungeon.
You worshipped Okawaru.
Okawaru was exalted by your worship.
You visited 2 branches of the dungeon, and saw 14 of its levels.

You collected 2890 gold pieces.
You spent 1457 gold pieces at shops.

Inventory:

Hand Weapons
 a - a +0 war axe of protection
 B - a +3 heavy war axe (weapon)
 E - a +6 broad axe of chaos
Armour
 c - a +0 buckler (worn)
 d - the +0 cloak of Sitohaypso (worn) {Str+3}
   (You found it on level 4 of the Dungeon)

   Str+3:     It affects your strength (+3).
 q - a +0 cloak
 x - a +2 pair of boots (worn)
 y - a +0 hat (worn)
 C - the +10 crystal plate armour of Zag Ynte {rElec Dex+3}
   (Okawaru gifted it to you on level 12 of the Dungeon)

   Dex+3:     It affects your dexterity (+3).
   rElec:     It insulates you from electricity.
 D - a +3 chain mail of poison resistance (worn)
Jewellery
 f - a +6 ring of dexterity (right hand)
 g - a +4 ring of protection (left hand)
 z - a ring of fire
Wands
 h - a wand of mindburst (5)
 m - a wand of paralysis (43)
 p - a wand of light (19)
 r - a wand of flame (44)
Scrolls
 o - 9 scrolls of teleportation
 s - 2 scrolls of blinking
 u - a scroll of immolation
 v - a scroll of revelation
 w - 3 scrolls of fear
Potions
 b - a potion of haste {unknown}
 e - 4 potions of heal wounds
 i - 2 potions of magic
 j - 7 potions of curing
 k - a potion of attraction
 l - 2 potions of resistance
 n - 2 potions of lignification
 t - a potion of enlightenment
 A - a potion of cancellation


   Skills:
 + Level 12.3 Fighting
 + Level 12.0 Axes
 + Level 12.3 Armour
 + Level 10.7 Dodging
 + Level 12.3 Shields


You had 11 spell levels left.
You didn't know any spells.
Your spell library contained the following spells:

 Spells                   Type           Power      Damage    Failure   Level
 Kiss of Death            Conj/Necr      0%         2d5       88%         1
 Blink                    Tloc           0%         N/A       96%         2
 Ensorcelled Hibernation  Hex/Ice        0%         N/A       96%         2
 Lesser Beckoning         Tloc           0%         N/A       96%         2
 Momentum Strike          Conj/Tloc      0%         3d8       96%         2
 Passwall                 Tmut/Erth      0%         N/A       96%         2
 Confusing Touch          Hex            0%         N/A       99%         3
 Ozocubu's Armour         Ice            0%         N/A       99%         3
 Swiftness                Air            0%         N/A       99%         3
 Dispel Undead            Necr           0%         3d6       100%        4
 Passage of Golubria      Tloc           0%         N/A       100%        4
 Yara's Violent Unravell  Hex/Tmut       0%         3d3       100%        5
 Ozocubu's Refrigeration  Ice            0%         4d7       100%        7
 Tukima's Dance           Hex            Unusable   N/A       N/A         3

Dungeon Overview and Level Annotations

Branches:
Dungeon (13/15)            Temple (1/1) D:4            Lair (0/5) D:10
    Orc (0/2) D:11
 Vaults: D:13-14

Altars:
Ashenzari
Cheibriados
Dithmenos
Elyvilon
Fedhas
Gozag
Hepliaklqana
Kikubaaqudgha
Makhleb
Nemelex Xobeh
Okawaru
Qazlal
Ru
Sif Muna
Trog
Uskayaw
Vehumet
Wu Jian
Xom
Yredelemnul
Zin
The Shining One

Shops:
D:8 ?   D:9 [


Innate Abilities, Weirdness & Mutations

You have a pair of horns on your head.
You reflexively headbutt those who attack you in melee.


Message History

Unknown command.
You are too injured to fight recklessly!
Unknown command.
You lop one of the 12-headed hydra's heads off!
The 11-headed hydra grows two more!
You slash the 13-headed hydra!
The 13-headed hydra is severely wounded.
The 13-headed hydra barely misses you. You furiously retaliate!
You headbutt the 13-headed hydra.
The 13-headed hydra bites you but does no damage. x2
The 13-headed hydra bites you!
The 13-headed hydra bites you but does no damage.
The 13-headed hydra bites you!
The 13-headed hydra bites you but does no damage. x2
The 13-headed hydra closely misses you.
The 13-headed hydra bites you but does no damage.
You block the 13-headed hydra's attack. The 13-headed hydra barely misses you.
The 13-headed hydra bites you but does no damage.
You hack one of the 13-headed hydra's heads off!
The 12-headed hydra grows two more!
You hit the 14-headed hydra.
The 14-headed hydra is heavily wounded.
The 14-headed hydra barely misses you. The 14-headed hydra bites you!
* * * LOW HITPOINT WARNING * * *
You block the 14-headed hydra's attack. The 14-headed hydra bites you.
* * * LOW HITPOINT WARNING * * *
The 14-headed hydra bites you but does no damage.
You block the 14-headed hydra's attack.
The 14-headed hydra bites you but does no damage.
The 14-headed hydra completely misses you.
The 14-headed hydra misses you.
The 14-headed hydra bites you but does no damage.
The 14-headed hydra misses you. The 14-headed hydra barely misses you.
The 14-headed hydra bites you but does no damage. x2
The 14-headed hydra barely misses you. The 14-headed hydra bites you!
* * * LOW HITPOINT WARNING * * *
The 14-headed hydra bites you.
* * * LOW HITPOINT WARNING * * *
The 14-headed hydra bites you.
* * * LOW HITPOINT WARNING * * *
The 14-headed hydra bites you!
You die...

###
###############.#
#...............#
#.#############.#
#.##.# #.# #..@.#
##'### ####D#
#....# ... #....#
###.# #....# #
#....# ##.###
##.# #.######..#
#.......###


You could see a 14-headed hydra.

Vanquished Creatures
  Gastronok (D:12)
  Kirke (D:12)
  A centaur warrior (D:13)
  6 two-headed ogres
  Sonja (D:12)
  3 skeletal warriors (D:12)
  Pikel (D:3)
  2 deep elf pyromancers
  2 cyclopes
  4 ugly things
  A manticore (D:12)
  4 kobold demonologists (D:12)
  2 komodo dragons
  3 trolls
  2 shadows
  A vampire (D:10)
  A wyvern (D:9)
  4 hogs (D:12)
  21 yaks
  2 steam dragons
  2 wraiths
  5 vampire mosquitoes
  3 wargs (D:10)
  3 acid dragons
  4 orc warriors
  A swamp drake (D:11)
  4 black bears
  An ice beast (D:7)
  An ogre (D:4)
  17 centaurs
  A lemure (D:3)
  2 kobold brigands
  2 phantoms
  5 bullfrogs
  A scorpion (D:4)
  4 hounds
  9 orc priests
  4 jellies
  9 iguanas
  Terence (D:3)
  10 orc wizards
  7 gnolls
  8 adders
  A white imp (D:8)
  A worm (D:5)
  A dart slug (D:2)
  29 orcs
  12 endoplasms
  5 giant cockroaches
  6 goblins
  9 hobgoblins
  6 jackals
  2 quokkas
  6 ball pythons
  7 bats
  4 frilled lizards
  19 kobolds
  9 rats
284 creatures vanquished.

Notes
Turn   | Place    | Note
-------+----------+-------------------------------------------
     0 | D:1      | Farnirdx the Minotaur Fighter began the quest for the Orb.
     0 | D:1      | Reached XP level 1. HP: 19/19 MP: 0/0
   152 | D:1      | Reached XP level 2. HP: 27/27 MP: 1/1
   408 | D:1      | Reached skill level 1 in Dodging
   579 | D:1      | Reached XP level 3. HP: 29/33 MP: 2/2
  1007 | D:2      | Reached XP level 4. HP: 40/40 MP: 3/3
  1202 | D:2      | Identified a scroll of acquirement
  1202 | D:2      | Acquired 859 gold pieces
  1378 | D:3      | Noticed Terence
  1385 | D:3      | Killed Terence
  1427 | D:3      | Found a glowing golden altar of the Shining One.
  1435 | D:3      | Found a sacrificial altar of Ru.
  1507 | D:3      | Reached XP level 5. HP: 39/47 MP: 4/4
  2148 | D:4      | Noticed Pikel
  2148 | D:4      | Noticed a lemure
  2148 | D:4      | Noticed a lemure
  2148 | D:4      | Noticed a lemure
  2148 | D:4      | Noticed a lemure
  2156 | D:3      | Killed a lemure
  2175 | D:3      | Killed Pikel
  2176 | D:3      | Reached skill level 5 in Fighting
  2176 | D:3      | Reached skill level 5 in Armour
  2176 | D:3      | Reached skill level 5 in Shields
  2176 | D:3      | Reached XP level 6. HP: 13/56 MP: 5/5
  2176 | D:3      | Reached XP level 7. HP: 15/61 MP: 6/6
  2338 | D:4      | Identified the +0 robe of Light {-Cast Dex+5}
  2373 | D:4      | Reached skill level 5 in Axes
  2490 | D:4      | Identified the +0 cloak of Sitohaypso {Str+3}
  2514 | D:4      | Reached XP level 8. HP: 50/59 MP: 7/7
  2751 | D:4      | Found a staircase to the Ecumenical Temple.
  2760 | Temple   | Entered the Ecumenical Temple
  2770 | Temple   | Became a worshipper of Warmaster Okawaru
  3044 | D:5      | Entered Level 5 of the Dungeon
  3200 | D:5      | Reached skill level 5 in Dodging
  3979 | D:6      | Reached * piety under Okawaru
  4067 | D:6      | Found a radiant altar of Vehumet.
  4120 | D:6      | Found a glowing silver altar of Zin.
  4120 | D:6      | Found a white marble altar of Elyvilon.
  4274 | D:6      | Reached XP level 9. HP: 75/79 MP: 8/8
  4564 | D:7      | Found a burning altar of Makhleb.
  4859 | D:7      | Noticed a deep elf pyromancer
  4867 | D:7      | Killed a deep elf pyromancer
  4867 | D:7      | Reached ** piety under Okawaru
  5693 | D:8      | You fall into a shaft and drop 2 floors!
  5693 | D:10     | Entered Level 10 of the Dungeon
  5698 | D:10     | Noticed a two-headed ogre
  5704 | D:10     | Killed a two-headed ogre
  5897 | D:10     | Noticed a two-headed ogre
  5908 | D:10     | Killed a two-headed ogre
  5908 | D:10     | Reached *** piety under Okawaru
  5909 | D:10     | Reached XP level 10. HP: 48/90 MP: 9/9
  6355 | D:9      | Noticed a two-headed ogre
  6361 | D:9      | Killed a two-headed ogre
  6361 | D:9      | Reached **** piety under Okawaru
  6554 | D:8      | Acquired 1199 gold pieces
  6738 | D:8      | Found Ussosies's Magic Scroll Shop.
  6742 | D:8      | Bought a scroll of identify for 30 gold pieces
  6742 | D:8      | Bought a scroll of teleportation for 45 gold pieces
  6742 | D:8      | Bought a scroll of identify for 30 gold pieces
  6742 | D:8      | Bought a scroll of fear for 60 gold pieces
  6742 | D:8      | Bought a scroll of blinking for 112 gold pieces
  6742 | D:8      | Bought a scroll of identify for 30 gold pieces
  6742 | D:8      | Bought a scroll of brand weapon for 142 gold pieces
  7380 | D:9      | Reached ***** piety under Okawaru
  7913 | D:9      | Found a blossoming altar of Fedhas.
  7918 | D:9      | Found a stormy altar of Qazlal.
  7945 | D:9      | Reached XP level 11. HP: 99/99 MP: 10/10
  7980 | D:9      | Found Xarhadghi's Antique Armour Boutique.
  7985 | D:9      | Bought a dazzling plate armour for 1008 gold pieces
  7985 | D:9      | Identified the +1 plate armour of Gufagidgh {+Inv Fly rF-
                  | rCorr} (You bought it in a shop on level 9 of the Dungeon)
  8128 | D:9      | Reached skill level 10 in Fighting
  8128 | D:9      | Reached skill level 10 in Armour
  8130 | D:9      | Reached skill level 10 in Shields
  8364 | D:10     | Received a gift from Okawaru
  8858 | D:10     | Found a staircase to the Lair.
  9099 | D:10     | Found a broken altar of Ashenzari.
  9351 | D:11     | Reached skill level 10 in Axes
  9468 | D:11     | Found a staircase to the Orcish Mines.
  9833 | D:11     | Noticed a two-headed ogre
  9837 | D:11     | Killed a two-headed ogre
  9837 | D:11     | Received a gift from Okawaru
  9927 | D:11     | Found a stormy altar of Qazlal.
 10116 | D:12     | Noticed Gastronok
 10123 | D:12     | Noticed a purple ugly thing
 10126 | D:12     | Killed Gastronok
 10126 | D:12     | Noticed a deep elf pyromancer
 10130 | D:12     | Killed a purple ugly thing
 10131 | D:12     | Killed a deep elf pyromancer
 10239 | D:12     | Received a gift from Okawaru
 10299 | D:12     | Noticed a green ugly thing
 10301 | D:12     | Noticed a green ugly thing
 10302 | D:12     | Noticed Kirke
 10315 | D:11     | Killed a green ugly thing
 10316 | D:11     | Reached XP level 12. HP: 104/110 MP: 11/11
 10671 | D:12     | Killed Kirke
 10672 | D:12     | Reached skill level 10 in Dodging
 10812 | D:12     | Noticed a two-headed ogre
 10817 | D:12     | Killed a two-headed ogre
 10825 | D:12     | Noticed Sonja
 10830 | D:12     | Killed Sonja
 10830 | D:12     | Reached ****** piety under Okawaru
 10830 | D:12     | Received a gift from Okawaru
 10849 | D:12     | Acquired a +6 broad axe of pain
 10849 | D:12     | Received a gift from Okawaru
 10852 | D:12     | Acquired the +10 crystal plate armour of Zag Ynte {rElec
                  | Dex+3}
 10852 | D:12     | Received a gift from Okawaru
 11152 | D:13     | Found an ornate altar of the Wu Jian Council.
 11165 | D:13     | Noticed a centaur warrior
 11166 | D:13     | Noticed a two-headed ogre
 11176 | D:13     | Killed a centaur warrior
 11181 | D:13     | Killed a two-headed ogre
 11299 | D:13     | Noticed an eight-headed hydra
 11306 | D:13     | Slain by a 14-headed hydra

Illustrated notes

Levels and vault maps discovered:
D:1:      amcnicky_arrival_wind_blow, layout_loops_ring
D:2:      layout_rooms, grunt_ministairs_6
D:3:      layout_loops_ring, mainiacjoe_overflow_big_doors,
          kennysheep_generic_room_2, uniq_terence
D:4:      layout_cave_pools, minmay_temple_entry_mist, uniq_pikel
D:5:      layout_rooms
D:6:      layout_cave_pods, gammafunk_temple_overflow_pools,
          nicolae_vehumet_altar_sigil
D:7:      layout_basic, mainiacjoe_overflow_cross_hatched
D:8:      layout_loops_corners, serial_shops, shop
D:9:      nicolae_cairo_tiling_large_dashed, layout_basic,
          grunt_temple_overflow_forces_of_nature, serial_shops,
          nicolae_shop_rolling_square, moated_statue
D:10:     layout_basic, evilmike_ruin_ashenzari, erik_lair_orcish_takeover
D:11:     layout_loops_cross, erik_orc_1, nicolae_qazlal_eye_of_the_storm
D:12:     layout_rooms, uniq_kirke, uniq_gastronok, uniq_sonja
D:13:     layout_basic, hellmonk_vaults_keyhole, nzn_wu_jian_contemplation
Temple:   nicolae_temple_bog_church

Skill      XL: |  1  2  3  4  5  6  7  8  9 10 11 12 |
---------------+-------------------------------------+-----
Dodging        | 1 2 3 4 5 7 8 9 10 | 10.7
Fighting       | 4 5 6 7 8 9 11 12 | 12.3
Armour         | 4 5 6 7 8 9 11 12 | 12.3
Shields        | 4 5 6 7 8 9 11 12 | 12.3
Axes           | 3 4 5 6 8 9 10 12 | 12.0

Action                     |  1- 3 |  4- 6 |  7- 9 | 10-12 || total
---------------------------+-------+-------+-------+-------++-------
  Melee: War axe           |    70 |    85 |   195 |   363 ||   713
         Headbutt          |     5 |    11 |    44 |    86 ||   146
 Invoke: Heroism           |       |       |       |     3 ||     3
         Receive Weapon    |       |       |       |     1 ||     1
         Receive Armour    |       |       |       |     1 ||     1
  Evoke: Wand              |       |       |     5 |     1 ||     6
    Use: Scroll            |     3 |     2 |     9 |    14 ||    28
         Potion            |       |     1 |     1 |     1 ||     3
   Stab: Invisible         |       |       |     8 |     2 ||    10
         Confused          |       |       |       |     1 ||     1
 Armour: Scale mail        |    44 |    60 |    62 |       ||   166
         Chain mail        |       |       |   131 |   354 ||   485
         Skin              |       |       |       |     1 ||     1
  Dodge: Dodged            |    36 |    43 |   105 |   277 ||   461
  Block: Buckler           |    17 |    29 |    75 |   162 ||   283

Table legend: (Time is in decaauts)
 A = Elapsed time spent in this place.
 B = Non-inter-level travel time spent in this place.
 C = Inter-level travel time spent in this place.
 D = Time resting spent in this place.
 E = Time spent auto-exploring this place.
 F = Levels seen in this place.
 G = Mean time per level.
                   A        B        C        D        E       F      G
               +--------+--------+--------+--------+--------+-----+--------+
         Total |  11567 |  11200 |    367 |    622 |   8427 |  14 |  826.2 |
       Dungeon |  11549 |  11189 |    360 |    622 |   8427 |  13 |  888.4 |
        Temple |     17 |     10 |      7 |      0 |      0 |   1 |   17.0 |
               +--------+--------+--------+--------+--------+-----+--------+

Top non-repeatable levels by time:
    D:10: 1591 daAuts
     D:9: 1361 daAuts
    D:11: 1062 daAuts
     D:3: 1053 daAuts
     D:8: 931 daAuts
    D:12: 905 daAuts
     D:7: 903 daAuts
     D:6: 867 daAuts
     D:1: 751 daAuts
     D:4: 691 daAuts
     D:5: 628 daAuts
     D:2: 612 daAuts
    D:13: 188 daAuts
  Temple: 17 daAuts
